 Dungeon Crawl Stone Soup version 0.22-a0-410-g97be04f (webtiles) character file.

557 4thArraOfDagon the Chopper (level 7, -5/96 HPs)
             Began as a Deep Dwarf Berserker on May 11, 2018.
             Was a Believer of Trog.
             Slain by a two-headed ogre
             ... wielding a +0 giant spiked club
              (26 damage)
             ... on level 8 of the Dungeon.
             The game lasted 00:03:40 (722 turns).

4thArraOfDagon the Chopper (Deep Dwarf Berserker)    Turns: 722, Time: 00:03:41

Health: -5/96      AC:  7    Str: 28    XL:     7   Next: 9%
Magic:  7/7        EV: 12    Int:  7    God:    Trog [**....]
Gold:   87         SH:  0    Dex: 12    Spells: 6/6 levels left

rFire    . . .     SeeInvis .   j - +0 war axe
rCold    . . .     Gourm    +   (no shield)
rNeg     . . .     Faith    .   l - +0 scale mail
rPois    .         Spirit   .   (no helmet)
rElec    .         Reflect  .   (no cloak)
rCorr    .         Harm     .   (no gloves)
MR       +++..                  (no boots)
Stlth    ..........             n - amulet of the gourmand
HPRegen  1.00/turn              (no ring)
MPRegen  0.10/turn              (no ring)

@: berserking, non-regenerating, very quick
A: damage resistance, heal wounds, sense surroundings 1, no regeneration
a: Heal Wounds, Berserk, Trog's Hand, Renounce Religion


You were on level 8 of the Dungeon.
You worshipped Trog.
Trog was pleased with you.
You were not hungry.

You visited 1 branch of the dungeon, and saw 8 of its levels.

You collected 87 gold pieces.

Inventory:

Hand Weapons
 a - a +0 hand axe
 j - a +0 war axe (weapon)
Armour
 b - a +0 animal skin
 l - a +0 scale mail (worn)
Jewellery
 n - an amulet of the gourmand (around neck)
Wands
 m - a wand of iceblast (9)
 s - a wand of polymorph (13)
Scrolls
 d - 2 scrolls of teleportation {unknown}
 e - a scroll of magic mapping {unknown}
 f - a scroll of enchant weapon {unknown}
 g - a scroll of fog {unknown}
 h - 3 scrolls of identify {unknown}
 o - 2 scrolls of amnesia {unknown}
 q - a scroll of torment {unknown}
Potions
 i - a potion of might {unknown}
 k - a potion of invisibility {unknown}
 p - a potion of heal wounds {unknown}
 r - 2 potions of mutation {unknown}
Comestibles
 c - 3 rations


   Skills:
 + Level 4.0 Fighting
 * Level 6.1 Axes
 + Level 4.2 Armour
 + Level 4.2 Dodging


You had 6 spell levels left.
You didn't know any spells.

Dungeon Overview and Level Annotations

Branches:
Dungeon (8/15)             Temple (0/1) D:7
   Lair: D:8-11

Altars:


Innate Abilities, Weirdness & Mutations

You are resistant to damage.
You can heal yourself by infusing magical energy.
You passively map a small area around you.
You do not regenerate.


Message History

You slash the bullfrog skeleton! The bullfrog skeleton hits you.
The two-headed ogre hits you with a giant spiked club!
The two-headed ogre hits you with a giant club!
* * * LOW HITPOINT WARNING * * *
A two-headed ogre comes into view.
It is wielding a dire flail and a giant spiked club.
Unknown command.
You barely miss the two-headed ogre.
The two-headed ogre is lightly wounded.
You barely miss the bullfrog skeleton.
The bullfrog skeleton hits you but does no damage.
A shadow imp comes into view.
Unknown command.
Unknown command.
You closely miss the two-headed ogre.
The two-headed ogre is lightly wounded.
You barely miss the bullfrog skeleton.
The shadow imp shouts!
The bullfrog skeleton hits you but does no damage.
The two-headed ogre hits you with a giant spiked club!!
You die...

* , , * # *
.#* #. .# ,
.##5####.# *
.........# *
, .........#
** ..O..h...#
, .....hO..#
* * ,, *#@# *
* # #Z# *
#.###.####..
* *,
#..<..)......
#####.####...
* * #.# * , *
, * #.# , *
,,, #.. * * ,
,* *... ,


You could see 2 two-headed ogres, 2 howler monkeys, a shadow imp and a bullfrog
skeleton.

Vanquished Creatures
  A hippogriff (D:7)
  Menkaure (D:4)
  A sky beast (D:6)
  An orc priest (D:7)
  A bullfrog skeleton (D:7)
  A worker ant (D:7)
  A hound zombie (D:7)
  2 adders
  A gnoll (D:7)
  2 worms (D:4)
  A leopard gecko (D:3)
  8 orcs
  A giant cockroach (D:4)
  A goblin (D:2)
  4 jackals (D:4)
  A kobold (D:1)
  4 bats (D:3)
  A frilled lizard (D:4)
  A jackal zombie (D:6)
  A rat (D:2)
35 creatures vanquished.

Notes
Turn   | Place    | Note
-------+----------+-------------------------------------------
     0 | D:1      | 4thArraOfDagon the Deep Dwarf Berserker began the quest for the Orb.
     0 | D:1      | Reached XP level 1. HP: 20/20 MP: 1/1
   209 | D:3      | Reached XP level 2. HP: 26/27 MP: 2/2
   250 | D:3      | Reached XP level 3. HP: 20/33 MP: 3/3
   282 | D:4      | Noticed Menkaure
   286 | D:4      | Killed Menkaure
   286 | D:4      | Reached ** piety under Trog
   286 | D:4      | Reached skill level 4 in Axes
   286 | D:4      | Reached XP level 4. HP: 35/42 MP: 4/4
   286 | D:4      | Reached XP level 5. HP: 41/49 MP: 5/5
   385 | D:5      | Entered Level 5 of the Dungeon
   425 | D:5      | Noticed a phantom
   448 | D:6      | Noticed a sky beast
   460 | D:6      | Killed a sky beast
   460 | D:6      | Reached skill level 5 in Axes
   460 | D:6      | Reached XP level 6. HP: 34/56 MP: 6/6
   491 | D:7      | Noticed a hippogriff
   507 | D:7      | Killed a hippogriff
   550 | D:7      | Found a staircase to the Ecumenical Temple.
   653 | D:7      | Reached skill level 6 in Axes
   656 | D:7      | Reached XP level 7. HP: 36/64 MP: 7/7
   716 | D:8      | Noticed a two-headed ogre
   721 | D:8      | Noticed a two-headed ogre
   722 | D:8      | Slain by a two-headed ogre

Vault maps used:
D:1:      saegor_arrival_simple_c
D:2:      cheibrodos_old_hovel, uniq_sigmund, uniq_robin
D:3:      kennysheep_okawaru_gauntlet, minmay_misc_feat_iff, bloody_trog
D:4:      first_ration, uniq_menkaure
D:6:      minmay_door_square, nicolae_elemental_shop, uniq_edmund
D:7:      temple_pool_b
D:8:      serial_glass, glass_columns_a, glass_columns_a, corexii_corridor_pit

Skill      XL: |  1  2  3  4  5  6 |
---------------+-------------------+-----
Fighting       | 3 4 |  4.0
Axes           | 4 5 6 |  6.1
Armour         | 3 4 |  4.2
Dodging        | 3 4 |  4.2

Action                   |  1- 3 |  4- 6 |  7- 9 || total
-------------------------+-------+-------+-------++-------
Melee: Hand axe          |    14 |       |       ||    14
       War axe           |    37 |    44 |     9 ||    90
Invok: Berserk           |     2 |     3 |     1 ||     6
       Trog's Hand       |       |     2 |     1 ||     3
  Eat: Chunk             |       |     1 |     7 ||     8
       Ration            |       |     1 |       ||     1
Armor: Animal skin       |    12 |       |       ||    12
       Scale mail        |     5 |    20 |     3 ||    28
Dodge: Dodged            |    41 |    28 |     4 ||    73

Table legend:
 A = Spawn XP
 B = Non-spawn XP
 C = Spawn XP percentage of total XP
 D = Spawn monster count
 E = Non-spawn monster count
 F = Spawn count percentage of total count
 G = Total turns spent on level
                    A         B        C        D         E        F      G
               +---------+---------+-------+---------+---------+-------+---------
         Total |       0 |     797 |   0.0 |       0 |      35 |   0.0 |   722
               +---------+---------+-------+---------+---------+-------+---------
           D:1 |       0 |       2 |   0.0 |       0 |       1 |   0.0 |    32
           D:2 |       0 |       3 |   0.0 |       0 |       2 |   0.0 |    88
           D:3 |       0 |      38 |   0.0 |       0 |      11 |   0.0 |   150
           D:4 |       0 |     206 |   0.0 |       0 |      10 |   0.0 |   115
           D:6 |       0 |     140 |   0.0 |       0 |       2 |   0.0 |    84
           D:7 |       0 |     408 |   0.0 |       0 |       9 |   0.0 |   191
               +---------+---------+-------+---------+---------+-------+---------
